 Dungeon Crawl Stone Soup version 0.28.0-45-g0d030f2227 (webtiles) character file.

Game seed: 1097441227013832969

88 jimonade the Magician (level 4, -1/32 HPs)
             Began as a Gnoll Hedge Wizard on Apr 8, 2022.
             Slain by an orc priest
             ... wielding a +0 hand axe
              (5 damage)
             ... on level 3 of the Dungeon.
             The game lasted 00:06:09 (2446 turns).

jimonade the Magician (Gnoll Hedge Wizard)          Turns: 2446, Time: 00:06:10

Health: -1/32      AC:  5    Str: 11    XL:     4   Next: 53%
Magic:  13/13      EV: 13    Int: 14    God:
Gold:   119        SH:  0    Dex: 11    Spells: 12/17 levels left

rFire   . . .      SeeInvis .   l - +8 club
rCold   + . .      Faith    .   (no shield)
rNeg    . . .      Spirit   .   m - +2 robe {rC+}
rPois   .          Reflect  .   c - +1 hat
rElec   .          Harm     .   (no cloak)
rCorr   .          Rampage  .   (no gloves)
Will    .....                   (no boots)
Stlth   ++........              (no amulet)
HPRegen 0.10/turn               (no ring)
MPRegen 0.13/turn               (no ring)

@: no status effects
A: fangs 1, strong nose, distributed training
a: no special abilities


You were on level 3 of the Dungeon.
You visited 1 branch of the dungeon, and saw 3 of its levels.

You collected 119 gold pieces.

Inventory:

Hand Weapons
 a - a +0 dagger
 l - a +8 club (weapon)
Missiles
 h - 66 bolts
 j - 52 arrows
Armour
 b - a +0 robe
 c - a +1 hat (worn)
 g - a +0 ring mail
 m - a +2 robe of cold resistance (worn)
Scrolls
 k - a scroll of identify
Potions
 n - a potion of magic
 o - a potion of brilliance {unknown}


   Skills:
 + Level 1.2 Fighting
 + Level 1.2 Short Blades
 + Level 1.2 Long Blades
 + Level 1.2 Axes
 + Level 1.2 Maces & Flails
 + Level 1.2 Polearms
 + Level 1.2 Staves
 + Level 1.2 Slings
 + Level 1.2 Bows
 + Level 1.2 Crossbows
 + Level 1.2 Throwing
 + Level 1.2 Armour
 + Level 4.6 Dodging
 + Level 4.3 Stealth
 + Level 1.2 Shields
 + Level 1.2 Unarmed Combat
 + Level 7.2 Spellcasting
 + Level 2.2 Conjurations
 + Level 1.0 Hexes
 + Level 2.2 Summonings
 + Level 1.0 Necromancy
 + Level 2.2 Translocations
 + Level 1.0 Transmutations
 + Level 1.0 Fire Magic
 + Level 1.0 Ice Magic
 + Level 1.0 Air Magic
 + Level 1.0 Earth Magic
 + Level 1.0 Poison Magic
 + Level 1.3 Invocations
 + Level 1.2 Evocations


You had 12 spell levels left.
You knew the following spells:

 Your Spells              Type           Power      Damage    Failure   Level
a - Magic Dart            Conj           44%        1d5       5%          1
b - Call Imp              Summ           11%        N/A       9%          2
c - Blink                 Tloc           22%        N/A       9%          2

Your spell library contained the following spells:

 Spells                   Type           Power      Damage    Failure   Level
 Slow                     Hex            28%        N/A       10%         1
 Conjure Flame            Conj/Fire      9%         6-21      22%         3
 Mephitic Cloud           Conj/Pois/Air  9%         N/A       24%         3


Dungeon Overview and Level Annotations

Branches:
Dungeon (3/15)

Altars:


Innate Abilities, Weirdness & Mutations

You have very sharp teeth.
Your uncanny sense of smell can sniff out nearby items.
Your experience applies equally to all skills.


Message History

As you read the scroll labelled CAOCEE ANKUWA, it crumbles to dust.
You assume a fearsome visage.
The kobold looks frightened!
It was a scroll of fear.
There is a stone staircase leading up here.
You open the door.
There is an open door here.
Found a bone wand.
Found an escape hatch in the ceiling.
An orc comes into view. It is wielding a +0 trident.
An orc comes into view. It is wielding a +0 short sword.
An orc priest comes into view. It is wielding a +0 hand axe.
The orc barely misses you.
You hit the orc.
The orc is lightly wounded.
The orc priest shouts!
You barely miss the orc.
The orc is lightly wounded.
The orc hits you with a +0 trident.
The orc shouts!
You hit the orc but do no damage.
The orc is lightly wounded.
The orc closely misses you. The orc barely misses you.
You hit the orc but do no damage.
The orc is lightly wounded.
The orc barely misses you.
You barely miss the orc.
The orc is lightly wounded.
The orc closely misses you.
You barely miss the orc.
The orc is lightly wounded.
The orc priest calls down the wrath of Beogh upon you.
Pain shoots through your body! The orc hits you with a +0 trident!
The orc priest mumbles some strange prayers to Beogh against you.
Beogh smites you!
* * * LOW HITPOINT WARNING * * *
You sock the orc priest!
The orc priest is severely wounded.
The orc barely misses you. The orc hits you with a +0 short sword.
* * * LOW HITPOINT WARNING * * *
The orc priest hits you with a +0 hand axe.
You die...

.....#.. #+# .....#
...... . ....#+#......
....####+#............
K.......<'............
...#######............
....#.......<....
..........oo......
..........@o......
.......#..........
.......##..../....
......########....
...... ... ...... ..
.... .


You could see an orc priest and 2 orcs.

Vanquished Creatures
  Jessica (D:2)
  An adder (D:2)
  A dart slug (D:2)
  2 orcs (D:2)
  6 ball pythons (D:1)
  6 endoplasms
  2 giant cockroaches (D:1)
  6 hobgoblins
  2 jackals (D:1)
  A quokka (D:1)
  4 bats
  4 frilled lizards
  2 goblins
  3 kobolds
  3 rats
44 creatures vanquished.

Vanquished Creatures (collateral kills)
  2 orcs (D:2)
2 creatures vanquished.

Grand Total: 46 creatures vanquished

Notes
Turn   | Place    | Note
-------+----------+-------------------------------------------
     0 | D:1      | jimonade the Gnoll Hedge Wizard began the quest for the
                  | Orb.
     0 | D:1      | Reached XP level 1. HP: 13/13 MP: 8/8
   264 | D:1      | Reached XP level 2. HP: 19/19 MP: 3/10
   745 | D:1      | Reached XP level 3. HP: 25/25 MP: 9/11
  1022 | D:1      | Found a faded altar of an unknown god.
  1308 | D:1      | Learned a level 2 spell: Call Imp
  1311 | D:1      | Learned a level 2 spell: Blink
  1431 | D:2      | Noticed Jessica
  1516 | D:2      | Killed Jessica
  1517 | D:2      | Reached skill level 1 in Fighting
  1517 | D:2      | Reached skill level 1 in Short Blades
  1517 | D:2      | Reached skill level 1 in Long Blades
  1517 | D:2      | Reached skill level 1 in Axes
  1517 | D:2      | Reached skill level 1 in Maces & Flails
  1517 | D:2      | Reached skill level 1 in Polearms
  1517 | D:2      | Reached skill level 1 in Staves
  1517 | D:2      | Reached skill level 1 in Slings
  1517 | D:2      | Reached skill level 1 in Bows
  1517 | D:2      | Reached skill level 1 in Crossbows
  1517 | D:2      | Reached skill level 1 in Throwing
  1517 | D:2      | Reached skill level 1 in Armour
  1517 | D:2      | Reached skill level 1 in Shields
  1517 | D:2      | Reached skill level 1 in Unarmed Combat
  1517 | D:2      | Reached skill level 1 in Invocations
  1517 | D:2      | Reached skill level 1 in Evocations
  1517 | D:2      | Reached XP level 4. HP: 25/32 MP: 4/13
  2156 | D:2      | Reached skill level 1 in Hexes
  2156 | D:2      | Reached skill level 1 in Necromancy
  2156 | D:2      | Reached skill level 1 in Transmutations
  2156 | D:2      | Reached skill level 1 in Fire Magic
  2156 | D:2      | Reached skill level 1 in Ice Magic
  2156 | D:2      | Reached skill level 1 in Air Magic
  2156 | D:2      | Reached skill level 1 in Earth Magic
  2156 | D:2      | Reached skill level 1 in Poison Magic
  2446 | D:3      | Slain by an orc priest

Illustrated notes

Levels and vault maps discovered:
D:1:      psy_arrival_fountain, layout_basic, nicolae_ecumenical_lake_church,
          nrook_loot_triangle, minmay_octomino_c4
D:2:      layout_basic, uniq_jessica
D:3:      layout_basic, nicolae_overflow_crystal_walls,
          nicolae_overflow_hallway_of_the_gods, serial_shops,
          nicolae_diamond_shop, gup_sewer_entry_bowl, uniq_natasha

Skill      XL: |  1  2  3  4 |
---------------+-------------+-----
Conjurations   | 2 |  2.2
Summonings     | 2 |  2.2
Translocations | 2 |  2.2
Fighting       | 1 |  1.2
Short Blades   | 1 |  1.2
Long Blades    | 1 |  1.2
Axes           | 1 |  1.2
Maces & Flails | 1 |  1.2
Polearms       | 1 |  1.2
Staves         | 1 |  1.2
Slings         | 1 |  1.2
Bows           | 1 |  1.2
Crossbows      | 1 |  1.2
Throwing       | 1 |  1.2
Armour         | 1 |  1.2
Shields        | 1 |  1.2
Unarmed Combat | 1 |  1.2
Invocations    | 1 |  1.3
Evocations     | 1 |  1.2
Hexes          | 1 |  1.0
Necromancy     | 1 |  1.0
Transmutations | 1 |  1.0
Fire Magic     | 1 |  1.0
Ice Magic      | 1 |  1.0
Air Magic      | 1 |  1.0
Earth Magic    | 1 |  1.0
Poison Magic   | 1 |  1.0
Dodging        | |  4.6
Stealth        | |  4.3
Spellcasting   | |  7.2

Action                   |  1- 3 |  4- 6 || total
-------------------------+-------+-------++-------
Melee: Dagger            |    15 |       ||    15
       Bite              |     3 |     1 ||     4
       Club              |       |    17 ||    17
 Cast: Magic Dart        |    67 |    15 ||    82
       Call Imp          |     1 |     2 ||     3
  Use: Scroll            |       |     5 ||     5
 Stab: Sleeping          |     1 |     1 ||     2
Armor: Robe              |     6 |     3 ||     9
Dodge: Dodged            |    23 |     9 ||    32
